 Dungeon Crawl Stone Soup version 0.28.0-43-g3370ac3207 (webtiles) character file.

Game seed: 7922081240482001991

130 issech the Cudgeller (level 4, 0/44 HPs)
             Began as a Troll Monk on Mar 20, 2022.
             Slain by an iron imp (5 damage)
             ... summoned by Natasha
             ... on level 3 of the Dungeon.
             The game lasted 00:06:33 (1321 turns).

issech the Cudgeller (Troll Monk)                   Turns: 1321, Time: 00:06:33

Health: 0/44       AC:  4    Str: 19    XL:     4   Next: 89%
Magic:  3/3        EV: 10    Int:  6    God:
Gold:   98         SH:  0    Dex: 14    Spells: 3/3 levels left

rFire   . . .      SeeInvis .   n - +0 flail
rCold   . . .      Faith    .   (no shield)
rNeg    . . .      Spirit   .   b - +0 robe
rPois   .          Reflect  .   (helmet restricted)
rElec   .          Harm     .   (no cloak)
rCorr   .          Rampage  .   (gloves unavailable)
Will    .....                   (boots unavailable)
Stlth   ++........              (no amulet)
HPRegen 0.94/turn               (no ring)
MPRegen 0.08/turn               (no ring)

@: slowed, very slow
A: large, unfitting armour, claws 3, regeneration 1, shaggy fur 1, tough skin 1
a: no special abilities


You were on level 3 of the Dungeon.
You visited 1 branch of the dungeon, and saw 3 of its levels.

You collected 98 gold pieces.

Inventory:

Hand Weapons
 a - a +0 mace
 k - a +0 halberd of protection
 n - a +0 flail (weapon)
Missiles
 g - 18 sling bullets
 h - 98 stones (quivered)
 i - 2 javelins
Armour
 b - a +0 robe (worn)
Scrolls
 d - a scroll of noise {unknown}
 e - a scroll of teleportation {unknown}
 f - 2 scrolls of identify {unknown}
 l - a scroll of brand weapon {unknown}
Potions
 c - a potion of heal wounds
 j - a potion of degeneration {unknown}
 m - a potion of haste {unknown}


   Skills:
 + Level 2.9 Fighting
 + Level 3.9 Maces & Flails
 + Level 3.2 Dodging
 + Level 1.2 Stealth


You had 3 spell levels left.
You didn't know any spells.
Your spell library contained the following spells:

 Spells                   Type           Power      Damage    Failure   Level
 Tukima's Dance           Hex            0%         N/A       83%         3
 Anguish                  Hex/Necr       0%         N/A       99%         4
 Olgreb's Toxic Radiance  Pois           0%         N/A       99%         4
 Enfeeble                 Hex            0%         N/A       100%        7
 Ozocubu's Refrigeration  Ice            0%         4d5       100%        7
 Ignition                 Fire           0%         3d3       100%        8


Dungeon Overview and Level Annotations

Branches:
Dungeon (3/15)

Altars:

Annotations:
D:3 Natasha


Innate Abilities, Weirdness & Mutations

You are too large for most types of armour.
You have claws for hands.
Your natural rate of healing is unusually fast.
You are covered in fur. (AC +1)
You have tough skin. (AC +1)


Message History

You barely miss Natasha.
Natasha is moderately wounded.
The shadow imp gestures at you.
You barely resist.
Natasha stares at you and mumbles some strange words.
You feel yourself slow down.
You barely miss Natasha.
Natasha is moderately wounded.
The shadow imp closely misses you.
Natasha casts a spell.
The shadow imp shouts, "Scamper home, thou mangled sheep-biting zombie-fodder!"
The shadow imp hits you but does no damage.
Natasha wildly gestures.
Natasha's front paws start to glow.
Natasha claws you.
You barely miss Natasha.
Natasha is moderately wounded.
The shadow imp gestures at you. Pain shoots through your body!
Natasha claws you.
The shadow imp hits you but does no damage.
Natasha claws you but does no damage.
You miss Natasha.
Natasha is moderately wounded.
The shadow imp hits you but does no damage.
The iron imp hits you! Natasha barely misses you. The shadow imp hits you.
Natasha completely misses you. The iron imp hits you.
* * * LOW HITPOINT WARNING * * *
You barely miss Natasha.
Natasha is moderately wounded.
The shadow imp hits you but does no damage.
Natasha claws you but does no damage. The iron imp hits you.
* * * LOW HITPOINT WARNING * * *
You thump Natasha!
Natasha is almost dead.
The shadow imp misses you. Natasha claws you!
* * * LOW HITPOINT WARNING * * *
The iron imp closely misses you. The shadow imp closely misses you.
Natasha drinks a potion.
Natasha is healed!
The iron imp hits you.
You die...

#####........... .
................
#.#######.†.#.#.#..
#.#.......†[.......
...........#.#.#..
######.#...........#
..............h..#.#
.............55..#.###
####..........@......#
...............#.....#
#######........#.....#
#.'...†...<#.....#
###...........>..#
#.................
#.#........#......
#.#........#....##
#...............#


You could see an iron imp (summoned), Natasha and a shadow imp (summoned).

Vanquished Creatures
  Natasha (D:3)
  3 gnolls
  An adder (D:2)
  2 worms (D:2)
  2 dart slugs
  An orc (D:3)
  8 bats
  9 endoplasms
  A giant cockroach (D:1)
  5 goblins
  6 hobgoblins
  2 jackals (D:1)
  2 frilled lizards (D:2)
  9 kobolds
  2 rats
54 creatures vanquished.

Notes
Turn   | Place    | Note
-------+----------+-------------------------------------------
     0 | D:1      | issech the Troll Monk began the quest for the Orb.
     0 | D:1      | Reached XP level 1. HP: 22/22 MP: 0/0
   105 | D:1      | Reached XP level 2. HP: 29/29 MP: 1/1
   390 | D:1      | Reached XP level 3. HP: 36/36 MP: 2/2
   740 | D:2      | Reached XP level 4. HP: 15/44 MP: 3/3
  1287 | D:3      | Noticed Natasha
  1296 | D:3      | Killed Natasha
  1305 | D:3      | Noticed Natasha
  1321 | D:3      | Slain by an iron imp

Illustrated notes

Levels and vault maps discovered:
D:1:      psy_arrival_basics, layout_basic
D:2:      layout_rooms
D:3:      layout_basic, mainiacjoe_overflow_alcove_2, zin_treasury,
          hellmonk_ecumenical_altar_zigzags, uniq_natasha

Skill      XL: |  1  2  3 |
---------------+----------+-----
Maces & Flails | 3 |  3.9
Dodging        | 3 |  3.2
Fighting       | |  2.9
Stealth        | |  1.2

Action                   |  1- 3 |  4- 6 || total
-------------------------+-------+-------++-------
Melee: Mace              |   107 |    72 ||   179
       Punch             |     3 |     2 ||     5
       Flail             |       |     9 ||     9
 Stab: Sleeping          |     1 |     1 ||     2
Armor: Robe              |    64 |    72 ||   136
Dodge: Dodged            |    93 |    75 ||   168
